TOP OF THE 1ST |
Manchester Fisher Cats batting - Pitching for Waterbury Rough Riders : RHP Mathew McArow
|
Pitching: RHP Mathew McArow
|
|
Batting: SHB Danny Hernandez
|
0-0: SINGLE (Line Drive, 3D, EV 97.5 MPH)
|
Batting: LHB Tim Derryberry
|
0-0: Ball 1-0: Fielders Choice at 2nd, 4-6 (Groundball, 4, EV 80.6 MPH)
|
Batting: SHB Stan Javier
|
0-0: Fly out, F7 (Flyball, 7D, EV 99.4 MPH)
|
Batting: RHB Joe Citari
|
0-0: Called Strike 0-1: Ball 1-1: Called Strike 1-2: Ball 2-2: Ball 3-2: Strikes out swinging
|
Top of the 1st over - 0 runs, 1 hit, 0 errors, 1 left on base; Manchester 0 - Waterbury 0 |
BOTTOM OF THE 1ST |
Waterbury Rough Riders batting - Pitching for Manchester Fisher Cats : RHP Mark Dacko
|
Pitching: RHP Mark Dacko
|
|
Batting: RHB Enrique Collado
|
0-0: Ball 1-0: Called Strike 1-1: Ground out 5-3 (Groundball, 56, EV 80.6 MPH)
|
Batting: RHB Jack Fimple
|
0-0: Foul Ball, location: 2F 0-1: Ground out 6-3 (Groundball, 6, EV 100.6 MPH)
|
Batting: RHB Dave Wilder
|
0-0: Foul Ball, location: 2F 0-1: Ball 1-1: Ground out 1-3 (Groundball, 13, EV 67.5 MPH)
|
Bottom of the 1st over - 0 runs, 0 hits, 0 errors, 0 left on base; Manchester 0 - Waterbury 0 |
TOP OF THE 2ND |
Manchester Fisher Cats batting - Pitching for Waterbury Rough Riders : RHP Mathew McArow
|
Batting: LHB Jessie Reid
|
0-0: Ball 1-0: Swinging Strike 1-1: Ball 2-1: Foul Ball, location: 2F 2-2: Ball 3-2: Reached on error, E3 (Groundball, 3, EV 82.5 MPH)
|
Batting: LHB Herbert Orensky
|
0-0: Swinging Strike 0-1: Swinging Strike 0-2: Strikes out looking
|
Batting: RHB Kevin Darst
|
0-0: Ball 1-0: Swinging Strike 1-1: Foul Ball, location: 2F 1-2: Ball 2-2: Ball 3-2: Strikes out swinging
|
Batting: RHB Tony Stevens
|
0-0: Ball 1-0: DOUBLE (Line Drive, 78D, EV 114.4 MPH) Jessie Reid to third Runner from 3rd tries for Home, SAFE, throw by LF to home
|
Batting: RHB Reymundo Estevez
|
0-0: Ball 1-0: Ball 2-0: Foul Ball, location: 2F 2-1: Swinging Strike 2-2: Ground out 6-3 (Groundball, 56, EV 108.1 MPH)
|
Top of the 2nd over - 1 run, 1 hit, 1 error, 1 left on base; Manchester 1 - Waterbury 0 |
BOTTOM OF THE 2ND |
Waterbury Rough Riders batting - Pitching for Manchester Fisher Cats : RHP Mark Dacko
|
Batting: RHB Billy Beane
|
0-0: Called Strike 0-1: Foul Ball, location: 2F 0-2: Ball 1-2: Ball 2-2: Foul Ball, location: 2F 2-2: Fly out, F6 (Line Drive, 6, EV 70.6 MPH)
|
Batting: LHB David Blume
|
0-0: Fly out, F7 (Flyball, 7, EV 93.8 MPH)
|
Batting: RHB Daniel Purpura
|
0-0: Ball 1-0: Swinging Strike 1-1: Ground out 4-3 (Groundball, 13, EV 93.1 MPH)
|
Bottom of the 2nd over - 0 runs, 0 hits, 0 errors, 0 left on base; Manchester 1 - Waterbury 0 |
TOP OF THE 3RD |
Manchester Fisher Cats batting - Pitching for Waterbury Rough Riders : RHP Mathew McArow
|
Batting: SHB Danny Hernandez
|
0-0: Called Strike 0-1: Ball 1-1: Foul Ball, location: 2F 1-2: Fly out, F9 (Flyball, 9LS, EV 89.4 MPH)
|
Batting: LHB Tim Derryberry
|
0-0: Swinging Strike 0-1: Ball 1-1: Called Strike 1-2: Ball 2-2: Foul Ball, location: 2F 2-2: Ball 3-2: Ground out 5-3 (Groundball, 5, EV 80.6 MPH)
|
Batting: SHB Stan Javier
|
0-0: Ball 1-0: Ball 2-0: Called Strike 2-1: Ball 3-1: Base on Balls
|
Batting: RHB Joe Citari
|
0-0: Ball Stan Javier is caught stealing 2nd base 2-4
|
Top of the 3rd over - 0 runs, 0 hits, 0 errors, 0 left on base; Manchester 1 - Waterbury 0 |
BOTTOM OF THE 3RD |
Waterbury Rough Riders batting - Pitching for Manchester Fisher Cats : RHP Mark Dacko
|
Batting: SHB Paul Gbur
|
0-0: Called Strike 0-1: Swinging Strike 0-2: Ball 1-2: Fly out, F9 (Flyball, 9LM, EV 102.5 MPH)
|
Batting: LHB Wilson Tucker
|
0-0: Ball 1-0: Foul Ball, location: 2F 1-1: Fly out, F8 (Line Drive, 8RD, EV 85.0 MPH)
|
Batting: RHB Jose Quiroz
|
0-0: Ball 1-0: Fly out, F9 (Flyball, 9S, EV 80.6 MPH)
|
Bottom of the 3rd over - 0 runs, 0 hits, 0 errors, 0 left on base; Manchester 1 - Waterbury 0 |
TOP OF THE 4TH |
Manchester Fisher Cats batting - Pitching for Waterbury Rough Riders : RHP Mathew McArow
|
Batting: RHB Joe Citari
|
0-0: Called Strike 0-1: Swinging Strike 0-2: Foul Ball, location: 2F 0-2: Ball 1-2: Strikes out swinging
|
Batting: LHB Jessie Reid
|
0-0: Ball 1-0: Ball 2-0: Ball 3-0: Called Strike 3-1: Swinging Strike 3-2: Base on Balls
|
Batting: LHB Herbert Orensky
|
0-0: Called Strike 0-1: Called Strike 0-2: Ball 1-2: Strikes out swinging
|
Batting: RHB Kevin Darst
|
0-0: Ball 1-0: Foul Ball, location: 2F 1-1: Called Strike Jessie Reid steals 2nd base 1-2: Ball 2-2: Strikes out swinging
|
Top of the 4th over - 0 runs, 0 hits, 0 errors, 1 left on base; Manchester 1 - Waterbury 0 |
BOTTOM OF THE 4TH |
Waterbury Rough Riders batting - Pitching for Manchester Fisher Cats : RHP Mark Dacko
|
Batting: RHB Enrique Collado
|
0-0: Called Strike 0-1: Foul Ball, location: 2F 0-2: Ground out 6-3 (Groundball, 6, EV 103.1 MPH)
|
Batting: RHB Jack Fimple
|
0-0: Ball 1-0: Foul Ball, location: 2F 1-1: Foul Ball, location: 2F 1-2: Foul Ball, location: 2F 1-2: Foul Ball, location: 2F 1-2: SOLO HOME RUN (Flyball, 78XD, EV 102.5 MPH), Distance : 408 ft
|
Batting: RHB Dave Wilder
|
0-0: Foul Ball, location: 2F 0-1: Ball 1-1: Fly out, F4 (Line Drive, 4, EV 70.6 MPH)
|
Batting: RHB Billy Beane
|
0-0: Called Strike 0-1: Ball 1-1: Ball 2-1: Ground out 5-3 (Groundball, 56S, EV 80.6 MPH)
|
Bottom of the 4th over - 1 run, 1 hit, 0 errors, 0 left on base; Manchester 1 - Waterbury 1 |
TOP OF THE 5TH |
Manchester Fisher Cats batting - Pitching for Waterbury Rough Riders : RHP Mathew McArow
|
Batting: RHB Tony Stevens
|
0-0: Ball 1-0: Swinging Strike 1-1: Swinging Strike 1-2: Strikes out swinging
|
Batting: RHB Reymundo Estevez
|
0-0: Fly out, F9 (Flyball, 9, EV 86.3 MPH)
|
Batting: SHB Danny Hernandez
|
0-0: Called Strike 0-1: Ground out 4-3 (Groundball, 4, EV 91.9 MPH)
|
Top of the 5th over - 0 runs, 0 hits, 0 errors, 0 left on base; Manchester 1 - Waterbury 1 |
BOTTOM OF THE 5TH |
Waterbury Rough Riders batting - Pitching for Manchester Fisher Cats : RHP Mark Dacko
|
Batting: LHB David Blume
|
0-0: Foul Ball, location: 2F 0-1: Swinging Strike 0-2: Foul Ball, location: 2F 0-2: Foul Ball, location: 2F 0-2: Strikes out swinging
|
Batting: RHB Daniel Purpura
|
0-0: Ball 1-0: Foul Ball, location: 2F 1-1: Ball 2-1: Ball 3-1: Fly out, F9 (Flyball, 9, EV 93.1 MPH)
|
Batting: SHB Paul Gbur
|
0-0: Called Strike 0-1: SOLO HOME RUN (Flyball, 9D, EV 105.6 MPH), Distance : 374 ft
|
Batting: LHB Wilson Tucker
|
0-0: Ball 1-0: SINGLE (Line Drive, 8RS, EV 110.0 MPH)
|
Batting: RHB Jose Quiroz
|
0-0: Ball 1-0: Called Strike 1-1: SINGLE (Groundball, 6M, EV 98.1 MPH) Wilson Tucker to second
|
Batting: RHB Enrique Collado
|
0-0: Fly out, F8 (Flyball, 8LD, EV 103.1 MPH)
|
Bottom of the 5th over - 1 run, 3 hits, 0 errors, 2 left on base; Manchester 1 - Waterbury 2 |
TOP OF THE 6TH |
Manchester Fisher Cats batting - Pitching for Waterbury Rough Riders : RHP Mathew McArow
|
Batting: LHB Tim Derryberry
|
0-0: Called Strike 0-1: Swinging Strike 0-2: Ball 1-2: Foul Ball, location: 2F 1-2: Ball 2-2: Foul Ball, location: 2F 2-2: Foul Ball, location: 2F 2-2: Ball 3-2: DOUBLE (Flyball, 78XD, EV 106.3 MPH)
|
Batting: SHB Stan Javier
|
0-0: Ball 1-0: Ball 2-0: Ball 3-0: Base on Balls
|
Batting: RHB Joe Citari
|
0-0: 3-RUN HOME RUN (Flyball, 7D, EV 88.8 MPH), Distance : 370 ft
|
Batting: LHB Jessie Reid
|
0-0: Called Strike 0-1: Foul Ball, location: 2F 0-2: Fly out, F2 (Popup, 13S, EV 83.8 MPH)
|
Batting: LHB Herbert Orensky
|
0-0: Called Strike 0-1: Ball 1-1: Foul Ball, location: 2F 1-2: Foul Ball, location: 2F 1-2: Ground out 6-3 (Groundball, 6, EV 97.5 MPH)
|
Batting: RHB Kevin Darst
|
0-0: Foul Ball, location: 2F 0-1: Ball 1-1: Ball 2-1: Swinging Strike 2-2: Fly out, F8 (Line Drive, 8LM, EV 93.1 MPH)
|
Top of the 6th over - 3 runs, 2 hits, 0 errors, 0 left on base; Manchester 4 - Waterbury 2 |
BOTTOM OF THE 6TH |
Waterbury Rough Riders batting - Pitching for Manchester Fisher Cats : RHP Mark Dacko
|
Batting: RHB Jack Fimple
|
0-0: Called Strike 0-1: Fly out, F8 (Flyball, 89D, EV 87.5 MPH)
|
Batting: RHB Dave Wilder
|
0-0: Called Strike 0-1: Foul Ball, location: 2F 0-2: Foul Ball, location: 2F 0-2: Ball 1-2: SINGLE (Groundball, 6S, EV 99.4 MPH)
|
Batting: RHB Billy Beane
|
0-0: Ball Dave Wilder is caught stealing 2nd base 2-4 1-0: Ball 2-0: Ball 3-0: Called Strike 3-1: Ground out 5-3 (Groundball, 56, EV 105.0 MPH)
|
Bottom of the 6th over - 0 runs, 1 hit, 0 errors, 0 left on base; Manchester 4 - Waterbury 2 |
TOP OF THE 7TH |
Manchester Fisher Cats batting - Pitching for Waterbury Rough Riders : RHP Mathew McArow
|
Batting: RHB Tony Stevens
|
0-0: Ball 1-0: Ground out 5-3 (Groundball, 56, EV 106.9 MPH)
|
Batting: RHB Reymundo Estevez
|
0-0: Foul Ball, location: 2F 0-1: SINGLE (Line Drive, 56D, EV 110.6 MPH)
|
Batting: SHB Danny Hernandez
|
0-0: 2-RUN HOME RUN (Flyball, 9D, EV 102.5 MPH), Distance : 364 ft
|
Pitching: RHP Ron Stryker
|
|
Batting: LHB Tim Derryberry
|
0-0: Ball 1-0: Ground out 6-3 (Groundball, 4MS, EV 78.8 MPH)
|
Batting: SHB Stan Javier
|
0-0: Called Strike 0-1: Foul Ball, location: 2F 0-2: Ball 1-2: Foul Ball, location: 2F 1-2: Foul Ball, location: 2F 1-2: Ball 2-2: Foul Ball, location: 2F 2-2: Strikes out swinging
|
Top of the 7th over - 2 runs, 2 hits, 0 errors, 0 left on base; Manchester 6 - Waterbury 2 |
BOTTOM OF THE 7TH |
Waterbury Rough Riders batting - Pitching for Manchester Fisher Cats : RHP Mark Dacko
|
Batting: LHB David Blume
|
0-0: Called Strike 0-1: Called Strike 0-2: Ball 1-2: Strikes out swinging
|
Batting: RHB Daniel Purpura
|
0-0: Ball 1-0: Foul Ball, location: 2F 1-1: Foul Ball, location: 2F 1-2: Fly out, F9 (Flyball, 9S, EV 85.6 MPH)
|
Batting: SHB Paul Gbur
|
0-0: Ball 1-0: Ball 2-0: Foul Ball, location: 2F 2-1: Ball 3-1: Called Strike 3-2: Base on Balls
|
Batting: LHB Wilson Tucker
|
0-0: Called Strike 0-1: Swinging Strike 0-2: Foul Ball, location: 2F 0-2: SINGLE (Line Drive, 89S, EV 102.5 MPH) Paul Gbur to second
|
Batting: RHB Jose Quiroz
|
0-0: Called Strike 0-1: Fly out, F4 (Flyball, 34D, EV 94.4 MPH)
|
Bottom of the 7th over - 0 runs, 1 hit, 0 errors, 2 left on base; Manchester 6 - Waterbury 2 |
TOP OF THE 8TH |
Manchester Fisher Cats batting - Pitching for Waterbury Rough Riders : RHP Ron Stryker
|
Batting: RHB Joe Citari
|
0-0: Ball 1-0: Ball 2-0: Ball 3-0: Base on Balls
|
Batting: LHB Jessie Reid
|
0-0: Ball 1-0: Ball 2-0: Called Strike 2-1: Ball 3-1: SINGLE (Flyball, 5D, EV 91.9 MPH) Joe Citari to second
|
Batting: LHB Herbert Orensky
|
0-0: Foul Ball, location: 2F 0-1: Reached on error, E3 (Groundball, 3, EV 104.4 MPH) Joe Citari to third Jessie Reid to second
|
Batting: RHB Kevin Darst
|
0-0: Ball 1-0: Called Strike 1-1: Ball 2-1: Called Strike 2-2: Strikes out swinging
|
Batting: RHB Tony Stevens
|
0-0: Ball 1-0: Ball 2-0: Ball 3-0: Base on Balls Joe Citari scores Jessie Reid to third Herbert Orensky to second
|
Batting: RHB Reymundo Estevez
|
0-0: Swinging Strike 0-1: SINGLE (Line Drive, 4MD, EV 99.4 MPH) Jessie Reid scores Herbert Orensky to third Tony Stevens to second
|
Batting: SHB Danny Hernandez
|
0-0: Grounds into double play, 4-6-3 (Groundball, 4M, EV 93.1 MPH)
|
Top of the 8th over - 2 runs, 2 hits, 1 error, 2 left on base; Manchester 8 - Waterbury 2 |
BOTTOM OF THE 8TH |
Waterbury Rough Riders batting - Pitching for Manchester Fisher Cats : RHP Mark Dacko
|
Batting: RHB Enrique Collado
|
0-0: Called Strike 0-1: Ball 1-1: Ground out 4-3 (Groundball, 4, EV 102.5 MPH)
|
Batting: RHB Jack Fimple
|
0-0: Ball 1-0: Ground out 5-3 (Groundball, 5, EV 83.8 MPH)
|
Batting: RHB Dave Wilder
|
0-0: Ball 1-0: Ball 2-0: Called Strike 2-1: Foul Ball, location: 2F 2-2: Foul Ball, location: 2F 2-2: Foul Ball, location: 2F 2-2: Foul Ball, location: 2F 2-2: SINGLE (Groundball, 6M, EV 98.1 MPH)
|
Batting: RHB Billy Beane
|
0-0: Swinging Strike 0-1: Ball 1-1: Fly out, F9 (Flyball, 89S, EV 93.1 MPH)
|
Bottom of the 8th over - 0 runs, 1 hit, 0 errors, 1 left on base; Manchester 8 - Waterbury 2 |
TOP OF THE 9TH |
Manchester Fisher Cats batting - Pitching for Waterbury Rough Riders : RHP Ron Stryker
|
Batting: LHB Tim Derryberry
|
0-0: Ball 1-0: Ball 2-0: Called Strike 2-1: Swinging Strike 2-2: Strikes out swinging
|
Batting: SHB Stan Javier
|
0-0: Ball 1-0: Called Strike 1-1: Ball 2-1: Foul Ball, location: 2F 2-2: Strikes out looking
|
Batting: RHB Joe Citari
|
0-0: Ball 1-0: Called Strike 1-1: Ball 2-1: Called Strike 2-2: Ground out 6-3 (Groundball, 6, EV 80.6 MPH)
|
Top of the 9th over - 0 runs, 0 hits, 0 errors, 0 left on base; Manchester 8 - Waterbury 2 |
BOTTOM OF THE 9TH |
Waterbury Rough Riders batting - Pitching for Manchester Fisher Cats : RHP Mark Dacko
|
Batting: LHB David Blume
|
0-0: Ball 1-0: Ball 2-0: TRIPLE (Line Drive, 89XD, EV 100.6 MPH)
|
Pitching: RHP Keith Creel
|
|
Batting: RHB Daniel Purpura
|
0-0: Ball 1-0: Ball 2-0: Called Strike 2-1: Swinging Strike 2-2: Ground out 1-3 (Groundball, 13, EV 70.6 MPH)
|
Batting: SHB Paul Gbur
|
0-0: Called Strike 0-1: Ball 1-1: Swinging Strike 1-2: Ball 2-2: Ball 3-2: Base on Balls
|
Batting: LHB Wilson Tucker
|
0-0: Ball 1-0: Ball 2-0: Called Strike 2-1: Called Strike 2-2: Foul Ball, location: 2F 2-2: Foul Ball, location: 2F 2-2: Ball 3-2: SINGLE (Flyball, 5D, EV 95.0 MPH) David Blume scores Paul Gbur to second
|
Batting: RHB Jose Quiroz
|
0-0: Ball 1-0: Swinging Strike 1-1: Ball 2-1: Ball 3-1: Fielders Choice at 2nd, 6-4 (Groundball, 6, EV 79.4 MPH) Paul Gbur to third
|
Batting: RHB Enrique Collado
|
0-0: Ball 1-0: Called Strike 1-1: Fielders Choice at 2nd, 6-4 (Groundball, 6, EV 80.6 MPH)
|
Bottom of the 9th over - 1 run, 2 hits, 0 errors, 2 left on base; Manchester 8 - Waterbury 3 |
|